 Dungeon Crawl Stone Soup version 0.19.5 (webtiles) character file.

299902 spiff the Earth Mage (level 20, -14/163 HPs)
             Began as a Mummy Venom Mage on Apr 6, 2017.
             Was an Initiate of Gozag.
             Demolished by a vault warden
             ... wielding a +0 great mace of holy wrath
              (34 damage)
             ... on level 1 of the Vaults on Apr 7, 2017.
             The game lasted 05:14:09 (81873 turns).

spiff the Earth Mage (Mummy Venom Mage)            Turns: 81873, Time: 05:14:09

Health: -14/163    AC: 12    Str: 12    XL:     20   Next: 16%
Magic:  30/36      EV: 19    Int: 20    God:    Gozag
Gold:   3045       SH:  8    Dex: 16    Spells: 9 memorised, 10 levels left

rFire  . . .     SeeInvis +     B - +6 trident of Exquisite Torment {pain, Stlth+}
rCold  + . .     Gourm    .     G - +1 robe of the Eight Places {rElec rF+ Regen+ Slay+2 Stlth+}
rNeg   + + +     Faith    .     a - +2 buckler {rPois}
rPois  ∞         Spirit   .     Y - +0 helmet {Int+3}
rElec  +         Reflect  +     c - +1 cloak
rCorr  .         Harm     .     n - +2 pair of gloves
MR     ++...                    b - +0 pair of boots
Stlth  ++++......               S - amulet of Jopempea {Reflect rElec SH+3}
                                v - ring "Taigiulu" {rPois rN+ AC+6 Int-5 Dex+3}
                                J - ring of see invisible

@: corroded, gold aura, studying Stealth
A: no food or potions, fire vulnerability, cold resistance 1, negative energy
resistance 3, torment resistance, unbreathing, in touch with death 1
a: Potion Petition, Call Merchant, Bribe Branch, Renounce Religion
}: 2/15 runes: decaying, gossamer


You were on level 1 of the Vaults.
You worshipped Gozag.
Gozag was most pleased with you.
You were not hungry.

You visited 7 branches of the dungeon, and saw 35 of its levels.
You visited 1 bazaar.
You also visited: Sewer, Ossuary, Bailey, Ice Cave and Wizlab.

You collected 17869 gold pieces.
You spent 4252 gold pieces at shops.
You paid 10572 gold pieces to Gozag.

Inventory:

Hand Weapons
 B - the +6 trident of Exquisite Torment (weapon) {pain, Stlth+}
   (You found it on level 1 of the Lair of Beasts)

   In the hands of one skilled in necromantic magic, it inflicts extra damage on
   living creatures.
   It makes you more stealthy.
Missiles
 s - 6 throwing nets (quivered)
Armour
 a - a +2 buckler of poison resistance (worn)
 b - a +0 pair of boots (worn)
 c - a +1 cloak (worn)
 n - a +2 pair of gloves (worn)
 r - the +4 ring mail of Rococ {rPois rCorr}
   (You bought it in a shop in a bazaar)

   It protects you from poison.
   It protects you from acid and corrosion.
 G - the +1 robe of the Eight Places (worn) {rElec rF+ Regen+ Slay+2 Stlth+}
   (You found it on level 1 of the Elven Halls)

   It affects your accuracy and damage with ranged weapons and melee attacks
   (+2).
   It protects you from fire.
   It insulates you from electricity.
   It increases your rate of regeneration.
   It makes you more stealthy.
 Y - a +0 helmet of intelligence (worn)
Jewellery
 i - the ring of Haewkio {rPois MR++ Str+4 Dex-2}
   (You found it on level 5 of the Lair of Beasts)

   [ring of poison resistance]

   It affects your strength (+4).
   It affects your dexterity (-2).
   It protects you from poison.
   It affects your resistance to hostile enchantments.
 v - the ring "Taigiulu" (right hand) {rPois rN+ AC+6 Int-5 Dex+3}
   (You took it off a crimson imp on level 9 of the Dungeon)

   [ring of protection]

   It affects your AC (+6).
   It affects your intelligence (-5).
   It affects your dexterity (+3).
   It protects you from poison.
   It protects you from negative energy.
 w - a +5 ring of evasion
 J - a ring of see invisible (left hand)
 K - the ring of Leaves {rC++ MP+9}
   (You found it in an ice cave)

   [ring of magical power]

   It greatly protects you from cold.
   It affects your magic capacity (+9).
 M - an uncursed ring of protection from cold
 Q - the ring of Kicaarr {AC+4 Int+4 Slay-6}
   (You took it off a deep elf annihilator on level 3 of the Elven Halls)

   [ring of protection]

   It affects your AC (+4).
   It affects your intelligence (+4).
   It affects your accuracy and damage with ranged weapons and melee attacks
   (-6).
 R - an uncursed ring of flight
 S - the amulet of Jopempea (around neck) {Reflect rElec SH+3}
   (You bought it in a shop on level 1 of the Lair of Beasts)

   [amulet of reflection]

   It shields you and reflects attacks.
   It insulates you from electricity.
   It affects your SH (+3).
Wands
 d - a wand of confusion (37/48)
 g - a wand of digging (11/24)
 k - a wand of iceblast (7/15)
 x - a wand of lightning (6/15)
 y - a wand of teleportation (3/9)
 z - a wand of enslavement (8/24)
 A - a wand of iceblast (4/15)
 C - a wand of iceblast (5/15)
 D - a wand of iceblast (6/15)
 N - a wand of paralysis (19/24)
 P - a wand of heal wounds (5/9)
Scrolls
 e - 13 scrolls of identify
 f - 18 scrolls of teleportation
 h - 16 scrolls of remove curse
 j - 2 scrolls of enchant weapon
 l - 8 scrolls of fear
 o - a scroll of vulnerability
 p - 7 scrolls of fog
 q - 2 scrolls of amnesia
 t - a scroll of blinking
 u - a scroll of magic mapping
 E - 2 scrolls of enchant armour
 L - a scroll of summoning {unknown}
 O - a scroll of recharging
Books
 m - a manual of Stealth
 F - a book of Power

   Spells                             Type                      Level
   a - Fulminant Prism                Conjuration/Hexes            4
   b - Iskenderun's Mystic Blast      Conjuration                  4
   c - Venom Bolt                     Conjuration/Poison           5
   d - Bolt of Magma                  Conjuration/Fire/Earth       5
   e - Iron Shot                      Conjuration/Earth            6
   f - Orb of Destruction             Conjuration                  7
   g - Spellforged Servitor           Conjuration/Summoning        7
Miscellaneous
 H - a disc of storms
 I - a phantom mirror
 T - a fan of gales
 Z - a phial of floods


   Skills:
 + Level 15.4 Fighting
 - Level 8.3 Polearms
 - Level 10.0 Dodging
 - Level 1.5 Stealth
 + Level 12.0 Spellcasting
 - Level 11.1 Conjurations
 - Level 12.1 Necromancy
 - Level 2.0 Fire Magic
 - Level 1.0 Air Magic
 - Level 16.1 Earth Magic
 - Level 9.0 Poison Magic


You had 10 spell levels left.
You knew the following spells:

 Your Spells              Type           Power        Failure   Level  Hunger
a - Sting                 Conj/Pois      ####         1%          1    N/A
b - Mephitic Cloud        Conj/Pois/Air  #####...     1%          3    N/A
c - Olgreb's Toxic Radia  Pois           #####...     1%          4    N/A
d - Vampiric Draining     Necr           ######....   1%          3    N/A
e - Ignite Poison         Fire/Tmut/Pois ####....     8%          3    N/A
g - Stone Arrow           Conj/Erth      ######       1%          3    N/A
h - Agony                 Necr           ######..     1%          5    N/A
i - Dispel Undead         Necr           ######..     1%          5    N/A
j - Iron Shot             Conj/Erth      ######....   6%          6    N/A

Dungeon Overview and Level Annotations

Branches:
Dungeon (15/15)            Temple (0/1) D:6            Lair (6/6) D:10
  Swamp (4/4) Lair:4       Spider (4/4) Lair:4        Slime (0/5) Lair:6
    Orc (2/2) D:12            Elf (3/3) Orc:2        Vaults (1/5) D:14
 Depths: D:15

Altars:
Ashenzari
Dithmenos
Fedhas
Gozag
Kikubaaqudgha
Trog
Vehumet
Zin
The Shining One

Shops:
D:12 *   Orc:1 (%   Orc:2 ![(:   Lair:1 ?(=:===[

Annotations:
D:12 1 exclusion, Azrael
Lair:3 Fannar
Lair:5 vault arte ring + manuel , exclusion: 3 oklob plants
Lair:6 exclusion: 2 oklob plants
Elf:2 3 runed doors
Elf:3 Frank's ghost, adept GrGl
Vaults:1 saint roka, Saint Roka


Innate Abilities, Weirdness & Mutations

You do not eat or drink.
Your flesh is vulnerable to fire.
You are immune to poison.
Your flesh is cold resistant. (rC+)
You are immune to negative energy. (rN+++)
You are immune to unholy pain and torment.
You can survive without breathing.
You are in touch with the powers of death.


Message History

You closely miss the vault warden.
The vault warden is almost dead.
The runic seal fades away.
The ironbrand convoker misses you.
The ironheart preserver moves out of view.
The vault warden hits you with a great mace of holy wrath!!
You convulse!!
* * * LOW HITPOINT WARNING * * *
You hear a shout! [a] - 576 gold - resistance, might and haste [b] - 232 gold - heal wounds and curing [c] - 299 gold - heal wounds and magic Purchase which effect?
You feel much better.
You feel better. The brown ugly thing gores you! The acid corrodes you!
You are splashed with acid!
The acid burns!
The ironbrand convoker hits you with a morningstar!
The vault warden hits you with a great mace of holy wrath!!
* * * LOW HITPOINT WARNING * * *
You convulse!!
You die...
Your body crumbles into a pile of gold.

######## #......#
#......# #......#
#......############# #
#......#@u.........# ###
#......pp#.$>....#.# ##..
#......#§..$.......###...
#......#.#.$u....#.##....
#......#...........##...#
########.#.......#.+....#
#.......)(..#...##
#.#.......#.#...#
#p.(........p...##


You could see a vault warden, 2 ugly things and an ironbrand convoker.

Vanquished Creatures
  the Lernaean hydra (Swamp:4)
  Nikola (Elf:3)
  Jorgrun (Spider:2)
  A Cloud Mage (WizLab)
  2 deep elf master archers (Elf:3)
  Gastronok (D:10)
  2 deep elf blademasters (Elf:3)
  2 thorn hunters (Swamp:4)
  Agnes (Elf:1)
  The ghost of execc the Fencer, an adept VSBe of Trog (Swamp:4)
  3 ghost moths
  Aizul (Elf:1)
  4 deep elf sorcerers (Elf:3)
  5 emperor scorpions (Spider:4)
  6 deep elf elementalists
  2 ironheart preservers (Vaults:1)
  8 deep elf demonologists (Elf:3)
  A dire elephant (Lair:6)
  7 entropy weavers
  6 deep elf annihilators (Elf:3)
  Snorg (Lair:3)
  7 deep elf death magi
  An ettin (D:14)
  Josephine (Orc:1)
  A fire dragon (Lair:6)
  2 yaktaur captains (Vaults:1)
  A deep elf high priest (Elf:3)
  2 great orbs of eyes
  Harold (Lair:1)
  5 ogre magi
  2 ice dragons (IceCv)
  19 hydras
  Erica (D:10)
  2 spriggan air magi (WizLab)
  3 catoblepae
  2 ghost crabs
  4 centaur warriors
  8 alligators
  A deep troll earth mage (Vaults:1)
  15 deep elf knights
  2 skeletal warriors (D:15)
  A wizard (D:14)
  7 swamp dragons
  3 spriggan druids
  13 deep elf archers
  5 unseen horrors
  6 deep trolls
  3 shambling mangroves (Swamp:3)
  12 hill giants
  20 orb spiders
  6 orc knights
  44 deep elf magi
  4 lindwurms
  6 necromancers
  A manticore (D:14)
  2 orc sorcerers (Vaults:1)
  3 ironbrand convokers (Vaults:1)
  38 wolf spiders
  An ugly thing (D:10)
  5 cyclopes
  A vault sentinel (Vaults:1)
  3 moths of wrath
  13 elephants
  2 molten gargoyles (Lair:6)
  A gargoyle (D:10)
  2 ice statues (IceCv)
  11 black mambas
  A torpor snail (Spider:1)
  26 spiny frogs
  5 kobold demonologists (D:12)
  20 demonic crawlers
  19 komodo dragons
  A yaktaur (Vaults:1)
  3 rime drakes
  A freezing wraith (D:14)
  14 trolls
  3 meliai (Spider:3)
  10 wind drakes (WizLab)
  46 jumping spiders
  A polar bear (shapeshifter) (D:14)
  14 two-headed ogres
  3 polar bears
  4 bog bodies
  5 tyrant leeches
  17 blink frogs
  17 hornets
  22 slime creatures
  12 hippogriffs
  6 dream sheep (Lair:6)
  2 spriggans (Swamp:2)
  34 air elementals
  A shadow (D:11)
  108 redbacks
  4 water elementals
  48 yaks
  A vampire (D:15)
  5 wraiths
  24 tarantellas
  7 wyverns
  6 fire elementals
  A large abomination (Elf:1)
  A hungry ghost (D:15)
  Grum (Lair:1)
  5 basilisks
  23 vampire mosquitoes
  2 steam dragons (Lair:6)
  29 insubstantial wisps
  4 wargs
  25 swamp worms
  8 porcupines
  A floating eye (shapeshifter) (D:9)
  13 water moccasins
  3 hell hounds (Lair:6)
  26 orc warriors
  2 sky beasts
  11 swamp drakes
  2 necrophages
  16 ice beasts
  2 black bears
  2 phantoms
  10 crocodiles
  20 wolves
  4 boggarts (Vaults:1)
  42 ogres
  8 centaurs
  7 big kobolds
  3 elf zombies (Elf:1)
  3 earth elementals (Elf:3)
  19 bullfrogs
  10 scorpions
  6 jellies
  4 wights
  A howler monkey (D:5)
  7 electric eels
  6 crimson imps
  5 hounds
  5 lava snakes (Lair:6)
  A bullfrog zombie (D:10)
  5 centaur zombies
  5 human zombies (Ossuary)
  5 centaur skeletons
  21 orc priests
  2 bullfrog skeletons
  6 iguanas
  19 orc wizards
  11 worker ants
  A big kobold zombie (Ossuary)
  2 hound zombies
  2 mummies (Ossuary)
  A howler monkey zombie (D:5)
  4 scorpion zombies (Ossuary)
  A worker ant zombie (D:9)
  2 gnolls (Bailey)
  12 adders
  3 river rats
  4 shadow imps
  12 white imps (D:12)
  An ooze (D:2)
  A worm (D:3)
  A dart slug (D:1)
  5 leopard geckos
  110 orcs
  6 bats
  2 giant cockroaches
  3 gnoll zombies (Ossuary)
  15 goblins
  5 hobgoblins
  5 jackals
  36 kobolds
  6 quokkas
  2 ball pythons
  4 frilled lizards
  A giant cockroach zombie (D:5)
  3 goblin zombies (Ossuary)
  A kobold zombie (Ossuary)
  2 orc zombies (Ossuary)
  A quokka zombie (D:5)
  11 rats
  8 fungi
  3 plants
1528 creatures vanquished.

Vanquished Creatures (collateral kills)
  A porcupine (Lair:1)
1 creature vanquished.

Vanquished Creatures (others)
  The ghost of PeterLawrence the Hoplite, a veteran MiFi of Okawaru (WizLab)
  19 dancing weapons
  An unseen horror (Vaults:1)
  A deep elf archer (Elf:3)
  A wind drake (WizLab)
  A troll (Orc:2)
  2 hornets
  A redback (Spider:4)
  A spriggan (Swamp:2)
  2 tarantellas (Spider:3)
  A scorpion (Ossuary)
  A mummy (Ossuary)
  An orc zombie (Ossuary)
  A bush (Lair:6)
  37 fungi
  28 plants (Lair:6)
  4 withered plants (D:15)
103 creatures vanquished.

Grand Total: 1632 creatures vanquished

Notes
Turn   | Place    | Note
-------+----------+-------------------------------------------
     0 | D:1      | spiff the Mummy Venom Mage began the quest for the Orb.
     0 | D:1      | Reached XP level 1. HP: 13/13 MP: 3/3
   290 | D:1      | Reached XP level 2. HP: 15/20 MP: 0/5
   653 | D:1      | Reached skill level 1 in Fighting
   966 | D:1      | Reached skill level 1 in Conjurations
   966 | D:1      | Reached XP level 3. HP: 26/26 MP: 1/6
  1018 | D:1      | Learned a level 3 spell: Mephitic Cloud
  1611 | D:2      | Found an opulent altar of Gozag.
  1619 | D:2      | Became a worshipper of Gozag Ym Sagoz the Greedy
  1799 | D:2      | Reached XP level 4. HP: 20/33 MP: 0/7
  2123 | D:2      | Found a faded altar of an unknown god.
  3394 | D:3      | Found a bloodstained altar of Trog.
  3549 | D:4      | Noticed an ogre
  3668 | D:4      | Reached skill level 1 in Air Magic
  3668 | D:4      | Reached XP level 5. HP: 26/39 MP: 0/8
  3872 | D:4      | Noticed an ogre
  3977 | D:4      | Killed an ogre
  4110 | D:4      | Reached XP level 6. HP: 46/46 MP: 3/10
  4169 | D:4      | Learned a level 4 spell: Olgreb's Toxic Radiance
  4873 | D:4      | Got a slimy scale mail
  4884 | D:4      | Identified the +10 scale mail of Neved {rN+ Dex+4} (You found it on level 4 of the Dungeon)
  5228 | D:5      | Entered Level 5 of the Dungeon
  5495 | D:5      | Reached XP level 7. HP: 46/52 MP: 12/12
  5688 | D:5      | Found a glowing drain.
  5738 | Sewer    | Entered a sewer
  6024 | Sewer    | Found a white marble altar of Elyvilon.
  6066 | D:5      | Found a shadowy altar of Dithmenos.
  7550 | D:6      | Reached skill level 5 in Poison Magic
  7724 | D:6      | Found a staircase to the Ecumenical Temple.
  7842 | D:6      | Found a sand-covered staircase.
  7849 | Ossuary  | Entered an ossuary
  7888 | Ossuary  | Reached XP level 8. HP: 36/61 MP: 14/14
  8472 | Ossuary  | Reached skill level 5 in Fighting
  9693 | D:6      | Noticed a hill giant
  9802 | D:7      | Noticed a hippogriff
  9813 | D:7      | Killed a hippogriff
 10266 | D:7      | Found a radiant altar of Vehumet.
 10274 | D:7      | Found a blossoming altar of Fedhas.
 10323 | D:7      | Reached XP level 9. HP: 58/70 MP: 8/15
 10999 | D:7      | Reached skill level 5 in Dodging
 13436 | D:9      | Got a faintly glowing silver ring
 13461 | D:9      | Found a glowing silver altar of Zin.
 13704 | D:9      | Noticed a troll
 13719 | D:9      | Noticed a torpor snail
 13719 | D:9      | a human changed into a torpor snail
 13724 | D:9      | a torpor snail changed into a swamp worm
 13738 | D:9      | Noticed an eye of devastation
 13738 | D:9      | an eye of devastation changed into a floating eye
 13815 | D:9      | Killed a troll
 13990 | D:9      | Reached XP level 10. HP: 72/80 MP: 16/16
 14611 | D:9      | Identified the ring "Taigiulu" {rPois rN+ AC+6 Int-5 Dex+3} (You took it off a crimson imp on level 9 of the Dungeon)
 14650 | D:9      | Noticed a satyr
 14992 | D:9      | Paralysed by a floating eye for 4 turns
 15178 | D:10     | Entered Level 10 of the Dungeon
 15309 | D:10     | Found a blossoming altar of Fedhas.
 15423 | D:10     | Noticed a hill giant
 15726 | D:10     | Noticed a hill giant
 15745 | D:10     | Killed a hill giant
 15938 | D:10     | Found a staircase to the Lair.
 16276 | D:10     | Noticed a hill giant
 16319 | D:10     | Killed a hill giant
 16319 | D:10     | Reached skill level 5 in Conjurations
 16663 | D:10     | Noticed a green ugly thing
 16690 | D:10     | Noticed a gargoyle
 16883 | D:10     | Killed a hill giant
 16883 | D:10     | Reached XP level 11. HP: 29/89 MP: 4/17
 17180 | D:11     | Found a flagged portal.
 17219 | Bailey   | Entered a bailey
 17318 | Bailey   | Noticed an orc warlord
 17362 | Bailey   | Noticed an orc knight
 17630 | D:11     | Noticed Erica
 17653 | D:11     | Noticed Gastronok
 17754 | Lair:1   | Entered Level 1 of the Lair of Beasts
 18090 | Lair:1   | Got a faintly glowing trident
 18091 | Lair:1   | Identified the +6 trident of Exquisite Torment {pain, Stlth+} (You found it on level 1 of the Lair of Beasts)
 18230 | Lair:1   | Learned a level 2 spell: Searing Ray
 18369 | Lair:1   | Reached skill level 1 in Polearms
 18446 | Lair:1   | Noticed Grum
 18498 | Lair:1   | Killed Grum
 18974 | Lair:1   | Noticed Harold
 20435 | Lair:1   | Bought Noh Wudu's Incunabulum of Creative Envenoming for 1065 gold pieces
 20439 | Lair:1   | Learned a level 3 spell: Ignite Poison
 21087 | Lair:3   | Noticed Fannar
 21445 | Lair:3   | Noticed Snorg
 21472 | Lair:3   | Killed Snorg
 21746 | Lair:3   | Reached skill level 5 in Polearms
 21837 | Lair:3   | Noticed a six-headed hydra
 21855 | Lair:3   | Killed a six-headed hydra
 22221 | Lair:3   | Reached XP level 12. HP: 92/96 MP: 10/18
 22715 | Lair:3   | Reached skill level 5 in Spellcasting
 23001 | Lair:4   | Noticed a four-headed hydra
 23579 | Lair:4   | Killed a four-headed hydra
 23912 | Lair:4   | Found a hole to the Spider Nest.
 24616 | Lair:4   | Found a staircase to the Swamp.
 24899 | Lair:4   | Reached skill level 1 in Fire Magic
 25195 | Lair:5   | Found a dark tunnel.
 25727 | Lair:5   | Got a distressingly furry robe
 25738 | Lair:5   | Identified the cursed +0 robe of Ruseint {rElec Str+4} (You found it on level 5 of the Lair of Beasts)
 25995 | Lair:5   | Found a glowing golden altar of the Shining One.
 26538 | Lair:5   | Identified a scroll of acquirement
 26779 | Lair:6   | Entered Level 6 of the Lair of Beasts
 27650 | Lair:6   | Found a staircase to the Slime Pits.
 27809 | Lair:6   | Reached skill level 10 in Fighting
 27853 | Lair:6   | Gained mutation: You are in touch with the powers of death. [Mummy growth]
 27853 | Lair:6   | Reached XP level 13. HP: 57/103 MP: 2/25
 29090 | Lair:1   | Killed Harold
 29868 | Lair:6   | Learned a level 2 spell: Corpse Rot
 29902 | Lair:6   | Reached skill level 1 in Necromancy
 30477 | Lair:6   | Reached skill level 5 in Necromancy
 31501 | D:10     | Killed Gastronok
 31761 | D:10     | Killed Erica
 32709 | D:12     | Found a frozen archway.
 32755 | IceCv    | Entered an ice cave
 32772 | IceCv    | Reached XP level 14. HP: 115/115 MP: 16/26
 33622 | IceCv    | Got a vibrating granite ring
 33632 | IceCv    | Identified the ring of Leaves {rC++ MP+9} (You found it in an ice cave)
 34411 | D:12     | Found Faxty's Assorted Antiques.
 34415 | D:12     | Reached skill level 10 in Necromancy
 35517 | D:12     | Noticed Azrael
 35577 | D:12     | Found a shattered altar of Ashenzari.
 35888 | D:12     | Found a staircase to the Orcish Mines.
 36370 | Orc:1    | Entered Level 1 of the Orcish Mines
 36604 | Orc:1    | Found Xupuakhau's Food Shoppe.
 36686 | Orc:1    | Found Wiaxoss's Weapon Boutique.
 36784 | Orc:2    | Entered Level 2 of the Orcish Mines
 36801 | Orc:1    | Noticed Josephine
 36880 | Orc:2    | Found a flickering gateway to a bazaar.
 36890 | Bazaar   | Entered a bazaar
 36890 | Bazaar   | Found Vaytotreng's Jewellery Emporium.
 36890 | Bazaar   | Found Ogaurch's Antique Armour Shoppe.
 36890 | Bazaar   | Found Huakon's Distillery.
 36892 | Bazaar   | Found Korghos's Armour Shoppe.
 36913 | Bazaar   | Bought a blackened ring mail for 180 gold pieces
 36923 | Bazaar   | Identified the +4 ring mail of Rococ {rPois rCorr} (You bought it in a shop in a bazaar)
 36946 | Bazaar   | Bought a runed leather armour for 160 gold pieces
 37054 | Orc:2    | Found a staircase to the Elven Halls.
 37741 | Orc:1    | Killed Josephine
 38200 | Orc:2    | Found Sataateo's Antique Armour Shoppe.
 38637 | Orc:2    | Found Jiprarui's Book Shoppe.
 38640 | Orc:2    | Found Qytoc's Distillery.
 38642 | Orc:2    | Bought a spiked ring mail for 243 gold pieces
 38652 | Orc:2    | Identified the +1 ring mail of the Fisher {rF+ rN+ Dex+2} (You bought it in a shop on level 2 of the Orcish Mines)
 38712 | Orc:2    | Bought a book of Necromancy for 450 gold pieces
 38714 | Orc:2    | Found Lenexumyg's Antique Weapon Emporium.
 38723 | Orc:2    | Bought a blackened halberd for 243 gold pieces
 38723 | Orc:2    | Identified the +6 halberd of the Peculiar Deaths {chop, rC+ Int+2} (You bought it in a shop on level 2 of the Orcish Mines)
 38769 | Orc:2    | Learned a level 3 spell: Vampiric Draining
 38933 | Lair:1   | Learned a level 3 spell: Stone Arrow
 39512 | Lair:6   | Reached XP level 15. HP: 90/120 MP: 27/27
 39629 | Lair:6   | Reached skill level 1 in Earth Magic
 40613 | Lair:6   | Reached skill level 2 in Earth Magic
 40783 | Lair:6   | Found a large runed door.
 40783 | Lair:6   | Found a large runed door.
 42451 | D:13     | Reached skill level 3 in Earth Magic
 43126 | Lair:5   | Got a steaming wooden ring
 43176 | Lair:5   | Identified the ring of Haewkio {rPois MR++ Str+4 Dex-2} (You found it on level 5 of the Lair of Beasts)
 43865 | D:13     | Reached skill level 4 in Earth Magic
 44689 | D:14     | Reached skill level 5 in Earth Magic
 44896 | D:14     | Found a gate to the Vaults.
 45371 | D:15     | Entered Level 15 of the Dungeon
 46310 | Lair:1   | Bought the Catalogue of Doomed Good Luck for 1248 gold pieces
 46317 | Lair:1   | Learned a level 5 spell: Agony
 46323 | Lair:1   | Learned a level 5 spell: Dispel Undead
 46397 | Spider:1 | Entered Level 1 of the Spider Nest
 46656 | Spider:1 | Reached skill level 6 in Earth Magic
 47141 | Spider:1 | Reached skill level 10 in Dodging
 47692 | Spider:1 | Reached skill level 7 in Earth Magic
 48143 | Spider:2 | Reached XP level 16. HP: 112/127 MP: 16/28
 48544 | Spider:2 | Reached skill level 8 in Earth Magic
 48947 | Spider:2 | Reached skill level 9 in Earth Magic
 49662 | Spider:2 | Noticed Jorgrun
 49679 | Spider:2 | Killed Jorgrun
 49873 | Spider:3 | Reached skill level 10 in Earth Magic
 50946 | Spider:3 | Reached skill level 11 in Earth Magic
 52843 | Spider:4 | Entered Level 4 of the Spider Nest
 53421 | Spider:4 | Reached skill level 12 in Earth Magic
 54058 | Spider:4 | Reached XP level 17. HP: 133/133 MP: 8/29
 54741 | Spider:4 | Reached skill level 13 in Earth Magic
 55015 | Spider:4 | Identified Sif Muna's Reference Book on Blistering Protection
 56088 | Spider:4 | Got a gossamer rune of Zot
 57035 | Vaults:1 | Entered Level 1 of the Vaults
 57556 | Vaults:1 | Reached skill level 14 in Earth Magic
 57880 | Vaults:1 | Noticed Saint Roka
 58261 | Elf:1    | Entered Level 1 of the Elven Halls
 58374 | Elf:1    | Found a radiant altar of Vehumet.
 58389 | Elf:1    | Noticed Aizul
 59531 | Elf:1    | Got a brightly glowing robe
 59542 | Elf:1    | Identified the +1 robe of the Eight Places {rElec rF+ Regen+ Slay+2 Stlth+} (You found it on level 1 of the Elven Halls)
 59548 | Elf:1    | Found an ancient bone altar of Kikubaaqudgha.
 59580 | Elf:1    | Noticed Agnes
 59820 | Elf:1    | Killed Agnes
 59870 | Elf:1    | Identified the Volume of Evil Arts
 60350 | Elf:1    | Killed Aizul
 60885 | Elf:2    | Reached XP level 18. HP: 144/144 MP: 24/31
 61110 | Elf:2    | Found a runed gate.
 61112 | Elf:2    | Found a runed gate.
 61113 | Elf:2    | Found a runed gate.
 61766 | Elf:3    | Entered Level 3 of the Elven Halls
 61883 | Elf:3    | Reached skill level 10 in Spellcasting
 61984 | Elf:3    | Noticed Nikola
 62020 | Elf:3    | Killed Nikola
 62046 | Elf:3    | Found a magical portal.
 62051 | WizLab   | Entered The Chambers of the Cloud Mage
 62071 | WizLab   | Killed PeterLawrence's ghost
 63107 | WizLab   | Noticed Lafe
 63115 | WizLab   | Killed Lafe the Cloud Mage
 63226 | WizLab   | Identified Riesk's Guide on Lightness
 63239 | WizLab   | Learned a level 6 spell: Iron Shot
 63239 | WizLab   | Identified the Papyrus of Lightness
 64686 | Elf:3    | Got a crude amber ring
 64689 | Elf:3    | Noticed Frank's ghost (adept GrGl)
 67523 | Elf:2    | Identified the ring of Kicaarr {AC+4 Int+4 Slay-6} (You took it off a deep elf annihilator on level 3 of the Elven Halls)
 68260 | Elf:3    | Reached skill level 15 in Earth Magic
 68343 | Elf:3    | Reached XP level 19. HP: 153/153 MP: 30/33
 68746 | Elf:3    | Got a jewelled halberd {venom}
 68747 | Elf:3    | Identified the +9 halberd of Nocun {venom, rElec rPois rF- MP+9} (You took it off a deep elf demonologist on level 3 of the Elven Halls)
 70483 | Elf:3    | Reached skill level 10 in Conjurations
 71488 | Elf:3    | Identified the Collected Works on Glacial Toxins
 71582 | Elf:3    | Identified the Catalogue of Flamy Augmentations
 71661 | Elf:3    | Identified the Guide on the Evil Mountains
 72064 | Swamp:1  | Entered Level 1 of the Swamp
 75785 | Swamp:4  | Entered Level 4 of the Swamp
 76143 | Swamp:4  | Noticed execc's ghost (adept VSBe)
 76958 | Swamp:4  | Killed execc's ghost
 77113 | Swamp:4  | Noticed the 27-headed Lernaean hydra
 77474 | Swamp:4  | Reached skill level 16 in Earth Magic
 77792 | Swamp:4  | Killed the 27-headed Lernaean hydra
 78258 | Swamp:4  | Got a decaying rune of Zot
 79019 | Lair:1   | Bought the amulet of Jopempea {Reflect rElec SH+3} for 663 gold pieces
 80847 | Vaults:1 | Reached skill level 15 in Fighting
 81005 | Vaults:1 | Reached XP level 20. HP: 153/162 MP: 29/35
 81560 | Vaults:1 | Paralysed by a great orb of eyes for 4 turns
 81873 | Vaults:1 | Demolished by a vault warden

Skill      XL: |  1  2  3  4  5  6  7  8  9 10 11 12 13 14 15 16 17 18 19 20 |
---------------+-------------------------------------------------------------+-----
Fighting       | 1 2 3 4 6 7 9 10 12 13 14 15 | 15.4
Conjurations   | 1 2 3 5 8 9 11 | 11.1
Air Magic      | 1 |  1.0
Poison Magic   | 4 5 6 7 8 9 |  9.0
Dodging        | 2 3 4 6 8 10 | 10.0
Spellcasting   | 3 4 8 9 10 11 12 | 12.0
Polearms       | 5 7 8 |  8.3
Fire Magic     | 2 |  2.0
Necromancy     | 8 12 | 12.1
Earth Magic    | 7 12 14 15 16 | 16.1
Stealth        | |  1.5

Action                   |  1- 3 |  4- 6 |  7- 9 | 10-12 | 13-15 | 16-18 | 19-21 || total
-------------------------+-------+-------+-------+-------+-------+-------+-------++-------
Melee: Dagger            |    26 |    58 |   553 |   342 |       |       |       ||   979
       Trident           |       |       |       |   320 |  1565 |  1689 |  1075 ||  4649
 Cast: Sting             |    69 |   116 |   239 |   446 |   220 |   269 |    62 ||  1421
       Mephitic Cloud    |       |     3 |    36 |    94 |   149 |   102 |    53 ||   437
       Searing Ray       |       |       |       |    29 |    16 |       |       ||    45
       Ignite Poison     |       |       |       |    30 |    61 |    28 |    12 ||   131
       Olgreb's Toxic Ra |       |       |       |     3 |    52 |   118 |    11 ||   184
       Stone Arrow       |       |       |       |       |    19 |   157 |    45 ||   221
       Vampiric Draining |       |       |       |       |     8 |     2 |     4 ||    14
       Agony             |       |       |       |       |       |    58 |    70 ||   128
       Iron Shot         |       |       |       |       |       |     1 |    49 ||    50
Invok: Call Merchant     |       |       |       |     2 |     3 |     1 |     2 ||     8
       Potion Petition   |       |       |       |       |     1 |     1 |     1 ||     3
Evoke: Wand              |       |       |    17 |    10 |    10 |     1 |     2 ||    40
  Use: Scroll            |     3 |     4 |     7 |    10 |    11 |     7 |     5 ||    47
 Stab: Sleeping          |       |     2 |     2 |     3 |     3 |    11 |     2 ||    23
       Confused          |       |       |    13 |    25 |    35 |    26 |    22 ||   121
       Distracted        |       |       |       |     1 |    11 |    15 |     7 ||    34
       Petrified         |       |       |       |       |     8 |       |       ||     8
Armor: Robe              |     8 |    27 |   112 |   148 |   152 |   146 |   141 ||   734
       Ring mail         |       |       |       |       |   269 |   653 |       ||   922
Dodge: Dodged            |    19 |    53 |   278 |   679 |  1007 |  1604 |   830 ||  4470
Block: Buckler           |       |       |       |    35 |   501 |   703 |   308 ||  1547
       Other             |       |       |       |     5 |       |       |       ||     5
       Reflection        |       |       |       |     1 |    22 |    11 |    14 ||    48
